 Dungeon Crawl Stone Soup version 0.29.1 (webtiles) character file.

Game seed: 8336813346346072663

1757 QueenGhuleh the Spear-Bearer (level 8, -5/66 (71) HPs)
             Began as a Minotaur Berserker on Sept 13, 2022.
             Was a Believer of Trog.
             Slain by a wight
             ... wielding a +2 great sword
              (8 damage)
             ... on level 7 of the Dungeon.
             The game lasted 00:09:50 (5650 turns).

QueenGhuleh the Spear-Bearer (Minotaur Berserker)   Turns: 5650, Time: 00:09:51

HP:   -5/66 (71)    AC: 12    Str: 23    XL:     8   Next: 79%
MP:   7/7           EV:  8    Int:  4    God:    Trog [**....]
Gold: 310           SH:  0    Dex: 11    Spells: 7/7 levels left

rFire   . . .      SeeInvis .   u - +0 scythe
rCold   . . .      Faith    .   (shield currently unavailable)
rNeg    . . .      Spirit   .   A - +0 plate armour
rPois   .          Reflect  .   (helmet restricted)
rElec   .          Harm     .   (no cloak)
rCorr   .          Rampage  .   (no gloves)
Will    .....                   (no boots)
Stlth   ..........              d - amulet of the acrobat
HPRegen 0.21/turn               (no ring)
MPRegen 0.10/turn               (no ring)

@: on berserk cooldown, slowed, drained, very slow
A: horns 2, retaliatory headbutt
a: Renounce Religion, Berserk, Trog's Hand


You were on level 7 of the Dungeon.
You worshipped Trog.
Trog was pleased with you.
You visited 1 branch of the dungeon, and saw 7 of its levels.

You collected 310 gold pieces.

Inventory:

Hand Weapons
 a - a +0 hand axe
 u - a +0 scythe (weapon)
Armour
 A - a +0 plate armour (worn)
Jewellery
 d - an amulet of the acrobat (around neck)
Wands
 w - a wand of flame (15)
Scrolls
 f - a scroll of blinking {unknown}
 h - 3 scrolls of identify {unknown}
 i - 2 scrolls of brand weapon {unknown}
 k - 3 scrolls of amnesia {unknown}
 n - 2 scrolls of vulnerability {unknown}
 o - 5 scrolls of teleportation {unknown}
 p - 2 scrolls of fear {unknown}
 t - a scroll of silence {unknown}
 v - 2 scrolls of fog {unknown}
 z - a scroll of summoning {unknown}
Potions
 b - a potion of might {unknown}
 c - 7 potions of curing {unknown}
 e - a potion of magic {unknown}
 g - a potion of mutation {unknown}
 j - a potion of cancellation {unknown}
 l - a potion of lignification {unknown}
 m - 2 potions of ambrosia {unknown}
 q - a potion of degeneration {unknown}
 r - a potion of brilliance {unknown}
 s - 2 potions of flight {unknown}
 x - 2 potions of haste {unknown}


   Skills:
 + Level 6.6 Fighting
 + Level 6.4(8.5) Axes
 + Level 8.6(9.5) Polearms
 + Level 5.2 Armour
 + Level 4.4 Dodging
 + Level 1.9 Stealth


You had 7 spell levels left.
You didn't know any spells.
Your spell library was empty.

Dungeon Overview and Level Annotations

Branches:
Dungeon (7/15)             Temple (0/1) D:7

Altars:
Gozag
Hepliaklqana
Kikubaaqudgha
Makhleb
Ru
Xom

Annotations:
D:6 3 runed translucent doors, funnyparkerb's ghost, novice MfGl
D:7 QueenGhuleh's ghost, novice MiBe


Innate Abilities, Weirdness & Mutations

You have a pair of horns on your head.
You reflexively headbutt those who attack you in melee.


Message History

The wight closely misses you. The kobold barely misses you.
The wight closely misses you. The wight misses you.
The wight completely misses you. The wight closely misses you.
The kobold attacks as you move away!
The kobold closely misses you. 3 kobolds come into view.
The kobold shouts!
The wight closely misses you. You furiously retaliate!
You headbutt the wight, but do no damage.
The kobold throws a stone.
The stone completely misses you. The kobold closely misses you.
You hit the wight.
The wight is moderately damaged.
The wight closely misses you. You furiously retaliate!
You headbutt the wight. The kobold hits you but does no damage.
The wight hits you but does no damage.
The wight hits you with a +2 great sword.
* * * LOW HITPOINT WARNING * * *
You feel drained.
* * * LOW HITPOINT WARNING * * *
You barely miss the wight.
The wight is heavily damaged.
The kobold hits you with a +0 short sword.
* * * LOW HITPOINT WARNING * * *
The wight closely misses you. You furiously retaliate!
You headbutt the wight, but do no damage.
The wight hits you with a +2 great sword.
* * * LOW HITPOINT WARNING * * *
You feel drained.
* * * LOW HITPOINT WARNING * * *
The kobold throws a stone.
The stone hits you but does no damage.
You barely miss the wight.
The wight hits you with a +2 great sword.
* * * LOW HITPOINT WARNING * * *
The wight hits you with a +3 spear.
* * * LOW HITPOINT WARNING * * *
You feel drained. The kobold hits you but does no damage.
The kobold throws a stone.
The stone hits you but does no damage.
The kobold brigand hits you but does no damage.
The wight hits you but does no damage.
The wight hits you with a +2 great sword!
You die...

.. . #. ##....
##.######..K....
..#....>..#K#.....
#.#.>......K.....
#.##......# K..#
#..#.))...##K..#
..#....KK#.K.###.
..####.#....Kz@KK.....
#......######z....##..
#####.......†.........#
####+
#...#####..#..###..####
+.... #........###.###
.## #.≈..
#..............#..#
#.§._
##....#..|...##.....
....#.§..
........###.......##
....+.... ....#####
##..##### ....####'


You could see a kobold brigand, 2 wights and 7 kobolds.

Vanquished Creatures
  Sigmund (D:3)
  Eustachio (D:5)
  A steam dragon (D:7)
  2 water moccasins
  2 sky beasts
  2 centaurs
  A necrophage (D:7)
  A bullfrog (D:6)
  A scorpion (D:5)
  3 wights (D:7)
  2 howler monkeys
  A hound (D:7)
  2 jellies
  An iguana (D:6)
  An orc wizard (D:5)
  Natasha (twice) (D:3)
  Terence (D:2)
  7 adders
  4 gnolls (D:3)
  2 white imps
  An ufetubus (D:7)
  A worm (D:3)
  2 dart slugs
  5 orcs
  3 ball pythons
  2 endoplasms (D:2)
  3 giant cockroaches
  5 goblins
  8 hobgoblins
  5 kobolds
  A quokka (D:1)
  5 bats
  A frilled lizard (D:1)
  4 rats
84 creatures vanquished.

Vanquished Creatures (others)
  6 plants (D:1)
6 creatures vanquished.

Grand Total: 90 creatures vanquished

Notes
Turn   | Place    | Note
-------+----------+-------------------------------------------
     0 | D:1      | QueenGhuleh the Minotaur Berserker began the quest for the
                  | Orb.
     0 | D:1      | Reached XP level 1. HP: 19/19 MP: 0/0
   168 | D:1      | Reached XP level 2. HP: 13/27 MP: 1/1
   446 | D:1      | Found a faded altar of an unknown god.
  1026 | D:2      | Reached XP level 3. HP: 30/34 MP: 2/2
  1234 | D:2      | Noticed Terence
  1244 | D:2      | Killed Terence
  1245 | D:2      | Reached XP level 4. HP: 4/41 MP: 3/3
  1795 | D:2      | Found a shimmering altar of Xom.
  2198 | D:3      | Found a hazy altar of Hepliaklqana.
  2219 | D:3      | Reached skill level 5 in Fighting
  2224 | D:3      | Reached skill level 5 in Axes
  2224 | D:3      | Reached skill level 1 in Stealth
  2224 | D:3      | Reached XP level 5. HP: 24/48 MP: 4/4
  2485 | D:3      | Noticed Sigmund
  2506 | D:3      | Killed Sigmund
  2507 | D:3      | Reached XP level 6. HP: 11/56 MP: 5/5
  2821 | D:3      | Reached ** piety under Trog
  2997 | D:3      | Noticed Natasha
  3003 | D:3      | Killed Natasha
  3136 | D:3      | Noticed Natasha
  3142 | D:3      | Killed Natasha
  3483 | D:4      | You fall into a shaft and drop 1 floor!
  3483 | D:5      | Entered Level 5 of the Dungeon
  3488 | D:5      | Reached skill level 1 in Polearms
  3599 | D:5      | Identified the +9 dagger of the Forest {pain, rPois Will+
                  | Int-5 SInv}
  3639 | D:5      | Reached skill level 2 in Polearms
  3651 | D:5      | Reached skill level 3 in Polearms
  3651 | D:5      | Reached XP level 7. HP: 29/62 MP: 6/6
  3903 | D:5      | Found a burning altar of Makhleb.
  4004 | D:5      | Noticed Eustachio
  4026 | D:5      | Killed Eustachio
  4349 | D:5      | Reached skill level 4 in Polearms
  4369 | D:5      | Found an ancient bone altar of Kikubaaqudgha.
  4440 | D:6      | Reached skill level 5 in Polearms
  4655 | D:6      | Reached XP level 8. HP: 36/70 MP: 7/7
  4899 | D:6      | Found an opulent altar of Gozag.
  4955 | D:6      | Reached skill level 6 in Polearms
  5468 | D:6      | Found a runed translucent gate.
  5468 | D:6      | Found a runed translucent gate.
  5471 | D:6      | Noticed funnyparkerb's ghost (novice MfGl)
  5472 | D:6      | Found a runed translucent gate.
  5493 | D:7      | Found a staircase to the Ecumenical Temple.
  5495 | D:7      | Found a sacrificial altar of Ru.
  5527 | D:7      | Reached skill level 7 in Polearms
  5529 | D:7      | Noticed QueenGhuleh's ghost (novice MiBe)
  5575 | D:7      | Reached skill level 5 in Armour
  5635 | D:7      | Reached skill level 8 in Polearms
  5650 | D:7      | HP: 3/68 [wight/+3 spear (1)]
  5650 | D:7      | Slain by a wight

Illustrated notes

Levels and vault maps discovered:
D:1:      eino_arrival_tree_alley, layout_rooms,
          shapermc_ecumenical_altar_notcrosses, serial_bayou_lagoon_a,
          grunt_decor_resistance
D:2:      layout_loops_cross, basic_altar, uniq_terence
D:3:      layout_loops_ring, mainiacjoe_overflow_alcove_2, uniq_natasha,
          uniq_sigmund
D:4:      layout_basic, chequers_temple_overflow_statue_of_worship
D:5:      layout_rooms, amcnicky_altar_gilded, mainiacjoe_overflow_brackets,
          grunt_ministairs_9, uniq_eustachio
D:6:      layout_loops_ring, grunt_gozag_breadcrumbs, gammafunk_ghost_necromancy
D:7:      minmay_evil_eye, layout_rooms, mainiacjoe_overflow_six_doors_small,
          temple_statues, gammafunk_ghost_icy, serial_curves, eino_curves_03,
          eino_curves_01, chequers_serial_rivers_small_a, serial_park_tiny_1

Skill      XL: |  1  2  3  4  5  6  7  8 |
---------------+-------------------------+-----
Axes           | 4 5 6 |  6.4
Fighting       | 4 5 6 |  6.6
Dodging        | 3 4 |  4.4
Stealth        | 1 |  1.9
Polearms       | 3 5 8 |  8.6
Armour         | 4 5 |  5.2

Action                   |  1- 3 |  4- 6 |  7- 9 || total
-------------------------+-------+-------+-------++-------
Melee: Hand axe          |    63 |    50 |       ||   113
       Headbutt          |    13 |    17 |    14 ||    44
       Punch             |     1 |       |       ||     1
       Halberd           |       |    46 |    87 ||   133
Invok: Berserk           |     1 |     1 |     2 ||     4
Armor: Animal skin       |     3 |    12 |       ||    15
       Ring mail         |       |     8 |    12 ||    20
       Plate armour      |       |       |    54 ||    54
Dodge: Dodged            |    48 |    46 |    59 ||   153
